 Dungeon Crawl Stone Soup version 0.17-a0-547-g5e20af8 (webtiles) character file.

71 sugabear the Shield-Bearer (level 4, -1/24 HPs)
             Began as a Vine Stalker Fighter on Apr 13, 2015.
             Slain by an adder (3 damage)
             ... on level 3 of the Dungeon.
             The game lasted 00:03:14 (1807 turns).

sugabear the Shield-Bearer (Vine Stalker Fighter)   Turns: 1807, Time: 00:03:15

Health: -1/24      AC:  7    Str: 18    XL:     4   Next: 24%
Magic:  0/5        EV:  7    Int:  8    God:
Gold:   60         SH:  9    Dex: 15    Spells: 0 memorised, 3 levels left

rFire  . . .     SeeInvis .     a - +0 rapier
rCold  . . .     Clarity  .     b - +0 scale mail
rNeg   . . .     SustAb   .     c - +0 shield
rPois  .         Gourm    .     (no helmet)
rElec  .         Spirit   +     (no cloak)
rCorr  .         Warding  .     (no gloves)
rMut   .         Stasis   .     (no boots)
MR     .....                    (no amulet)
Stlth  +.........               (no ring)
                                (no ring)

@: lethally poisoned (-1 -> -2), not resistant to hostile enchantments, very
unstealthy
A: fangs 2, regeneration 1, shaggy fur 1, magic shield, antimagic bite, no
device heal 3, rot immunity
a: no special abilities


You were on level 3 of the Dungeon.
You were very hungry.

You visited 1 branch of the dungeon, and saw 3 of its levels.

You collected 60 gold pieces.

Inventory:

Hand weapons
 a - a +0 rapier (weapon)
Armour
 b - a +0 scale mail (worn)
 c - a +0 shield (worn)
Scrolls
 f - a scroll of remove curse {unknown}
 g - 3 scrolls of identify {unknown}
 h - 2 scrolls of enchant armour {unknown}
 k - a scroll of amnesia {unknown}
 l - 3 scrolls of fear {unknown}
 m - a scroll of blinking {unknown}
 n - a scroll of magic mapping {unknown}
 o - a scroll of noise {unknown}
Potions
 e - a potion of might
Comestibles
 d - 4 bread rations
 i - 2 meat rations
 j - a slice of pizza


   Skills:
 + Level 3.0 Fighting
 + Level 1.9 Short Blades
 + Level 2.9 Armour
 + Level 0.8 Dodging
 * Level 2.0 Stealth
 + Level 3.1 Shields


You had 3 spell levels left.
You didn't know any spells.

Dungeon Overview and Level Annotations

Branches:
Dungeon (3/15)

Altars:
Xom

Annotations:
D:3 Grinder, Robin


Innate Abilities, Weirdness & Mutations

You have extremely sharp teeth.
Your natural rate of healing is unusually fast.
You are covered in fur (AC +1).
When hurt, damage is shared between your health and your magic reserves.
Your bite disrupts and absorbs the magic of your enemies.
Potions and wands cannot restore your health.
You are immune to rotting.


Message History

Robin throws the goblin at you! The goblin hits you but does no damage.
The goblin hits you but does no damage. x3
You block the goblin's attack.
You hit the goblin.
You kill the goblin!
The adder bites you but does no damage.
Robin roars a battlecry!
The goblins go into a battle-frenzy!
You block the goblin's attack.
Grinder gestures.
Grinder blinks!
The adder barely misses you. The goblin hits you but does no damage.
You block the goblin's attack.
The goblin hits you but does no damage. x2
You miss the goblin. You bite the goblin, but do no damage.
The adder bites you but does no damage. You block the goblin's attack.
The goblin hits you but does no damage. x3
Robin roars a battlecry!
The goblins go into a battle-frenzy!
The adder bites you.
You die...

# #. >. #.#.. #
.###..#.. #
#.#.....#.##.
...<.........
........g#.#
......ogSgg##
#..gg@# .#
###.rgg#..###..
#..!..w.......#
.....###........#
.... #..#..$##
... ?..##..# .
./.# ...# ..... .
####..


You could see a worm, Robin, an adder, an orc, 2 hobgoblins, 5 goblins and a
rat.

Vanquished Creatures
  An adder (D:3)
  A worm (D:2)
  A giant gecko (D:1)
  3 giant cockroaches
  14 goblins
  7 hobgoblins
  An ooze (D:2)
  A quokka (D:2)
  5 bats
  2 giant newts (D:2)
  6 jackals (D:1)
  A kobold (D:2)
  9 rats
52 creatures vanquished.

Notes
Turn   | Place    | Note
--------------------------------------------------------------
     0 | D:1      | sugabear, the Vine Stalker Fighter, began the quest for the Orb.
     0 | D:1      | Reached XP level 1. HP: 11/11 MP: 2/2
   419 | D:1      | Reached XP level 2. HP: 16/16 MP: 3/3
   423 | D:1      | Reached skill level 1 in Stealth
   839 | D:1      | Reached XP level 3. HP: 19/19 MP: 4/4
  1217 | D:2      | Found a shimmering altar of Xom.
  1267 | D:2      | Reached skill level 3 in Shields
  1532 | D:2      | Reached XP level 4. HP: 23/23 MP: 5/5
  1786 | D:3      | Noticed Robin
  1788 | D:3      | Noticed Grinder
  1805 | D:3      | HP: 1/24 [poisoned by an adder]
  1807 | D:3      | Slain by an adder

Action                   |  1- 3 |  4- 6 || total
-------------------------+-------+-------++-------
Melee: Rapier            |   147 |    21 ||   168
  Eat: Chunk             |     2 |       ||     2
